| TOP OF THE 1ST |
|
Albuquerque Isotopes batting - Pitching for Gwinnett Braves : RHP Jeff Olech
|
|
Pitching: RHP Jeff Olech
|
|
|
Batting: RHB Sadataka Kuwahara
|
0-0: Called Strike 0-1: Swinging Strike 0-2: Fly out, F8 (Flyball, 8RD, EV 101.2 MPH)
|
|
Batting: RHB Logan Morgan
|
0-0: Ball 1-0: Foul Ball, location: 2F 1-1: Foul Ball, location: 2F 1-2: Foul Ball, location: 2F 1-2: Ball 2-2: Ground out 5-3 (Groundball, 5, EV 88.1 MPH)
|
|
Batting: SHB Orlando Torres
|
0-0: SOLO HOME RUN (Line Drive, 9D, EV 115.0 MPH), Distance : 412 ft
|
|
Batting: RHB Chris King
|
0-0: Ball 1-0: SOLO HOME RUN (Flyball, 78XD, EV 100.0 MPH), Distance : 393 ft
|
|
Batting: SHB D.J. Codd
|
0-0: Called Strike 0-1: Ball 1-1: Foul Ball, location: 2F 1-2: Strikes out looking
|
| Top of the 1st over - 2 runs, 2 hits, 0 errors, 0 left on base; Albuquerque 2 - Gwinnett 0 |
| BOTTOM OF THE 1ST |
|
Gwinnett Braves batting - Pitching for Albuquerque Isotopes : RHP Mark Hincks
|
|
Pitching: RHP Mark Hincks
|
|
|
Batting: RHB Nate Taylor
|
0-0: Called Strike 0-1: Ball 1-1: Fly out, F6 (Popup, 6M, EV 58.1 MPH)
|
|
Batting: RHB Alex Munoz
|
0-0: Swinging Strike 0-1: Ball 1-1: Swinging Strike 1-2: Ball 2-2: Foul Ball, location: 2F 2-2: Strikes out looking
|
|
Batting: SHB Bob Morales
|
0-0: Called Strike 0-1: Foul Ball, location: 2F 0-2: Strikes out swinging
|
| Bottom of the 1st over - 0 runs, 0 hits, 0 errors, 0 left on base; Albuquerque 2 - Gwinnett 0 |
| TOP OF THE 2ND |
|
Albuquerque Isotopes batting - Pitching for Gwinnett Braves : RHP Jeff Olech
|
|
Batting: RHB Hector Silva
|
0-0: Called Strike 0-1: Ball 1-1: SINGLE (Groundball, 4D, EV 108.8 MPH)
|
|
Batting: RHB Herb McIntyre
|
0-0: Called Strike 0-1: Swinging Strike 0-2: Strikes out looking
|
|
Batting: RHB Jerry Sanchez
|
0-0: Called Strike 0-1: Called Strike 0-2: Ball 1-2: Ball Wild Pitch! Hector Silva to second 2-2: Ball 3-2: Foul Ball, location: 2F 3-2: Strikes out swinging
|
|
Batting: RHB Vinny Estrada
|
0-0: Called Strike 0-1: Foul Ball, location: 2F 0-2: Strikes out looking
|
| Top of the 2nd over - 0 runs, 1 hit, 0 errors, 1 left on base; Albuquerque 2 - Gwinnett 0 |
| BOTTOM OF THE 2ND |
|
Gwinnett Braves batting - Pitching for Albuquerque Isotopes : RHP Mark Hincks
|
|
Batting: SHB Troy Kenyon
|
0-0: Ball 1-0: Foul Ball, location: 2F 1-1: Ball 2-1: Ball 3-1: Foul Ball, location: 2F 3-2: Foul Ball, location: 2F 3-2: TRIPLE (Flyball, 8LXD, EV 108.8 MPH)
|
|
Batting: SHB Brian Bagley
|
0-0: Ball 1-0: Foul Ball, location: 2F 1-1: Ground out 4-3 (Groundball, 4, EV 81.9 MPH) Troy Kenyon scores
|
|
Batting: LHB Chad Persaud
|
0-0: Fly out, F8 (Line Drive, 8RD, EV 86.9 MPH)
|
|
Batting: LHB Mark Buchholz
|
0-0: Called Strike 0-1: Swinging Strike 0-2: Strikes out swinging
|
| Bottom of the 2nd over - 1 run, 1 hit, 0 errors, 0 left on base; Albuquerque 2 - Gwinnett 1 |
| TOP OF THE 3RD |
|
Albuquerque Isotopes batting - Pitching for Gwinnett Braves : RHP Jeff Olech
|
|
Batting: RHB Sadataka Kuwahara
|
0-0: Ball 1-0: Ball 2-0: Called Strike 2-1: Foul Ball, location: 2F 2-2: Ball 3-2: Ground out 5-3 (Groundball, 56, EV 87.5 MPH)
|
|
Batting: RHB Logan Morgan
|
0-0: Ball 1-0: Called Strike 1-1: Ball 2-1: Called Strike 2-2: DOUBLE (Groundball, 5L, EV 103.8 MPH)
|
|
Batting: SHB Orlando Torres
|
0-0: Ball 1-0: Fly out, F9 (Flyball, 9LM, EV 86.2 MPH)
|
|
Batting: RHB Chris King
|
0-0: Called Strike 0-1: Ball 1-1: Ball 2-1: Ball 3-1: Swinging Strike 3-2: Strikes out swinging
|
| Top of the 3rd over - 0 runs, 1 hit, 0 errors, 1 left on base; Albuquerque 2 - Gwinnett 1 |
| BOTTOM OF THE 3RD |
|
Gwinnett Braves batting - Pitching for Albuquerque Isotopes : RHP Mark Hincks
|
|
Batting: RHB Jesse Lester
|
0-0: Called Strike 0-1: Swinging Strike 0-2: Ball 1-2: SINGLE (Groundball, 6S, EV 70.0 MPH) (infield hit)
|
|
Batting: RHB Edgar Castillo
|
0-0: Ball Jesse Lester steals 2nd base 1-0: Foul Ball, location: 2F 1-1: DOUBLE (Line Drive, 89D, EV 104.4 MPH) Jesse Lester scores
|
|
Batting: RHB Nate Taylor
|
0-0: Ball 1-0: Ball 2-0: Ball 3-0: Base on Balls
|
|
Batting: RHB Alex Munoz
|
0-0: Ball 1-0: Fly out, F8 (Flyball, 8LM, EV 80.0 MPH)
|
|
Batting: SHB Bob Morales
|
0-0: Ball 1-0: Foul Ball, location: 2F 1-1: Ground out 4-3 (Groundball, 4S, EV 68.8 MPH) Edgar Castillo to third Nate Taylor to second
|
|
Batting: SHB Troy Kenyon
|
0-0: Ball 1-0: Called Strike 1-1: Ball 2-1: Fly out, F7 (Flyball, 7S, EV 87.5 MPH)
|
| Bottom of the 3rd over - 1 run, 2 hits, 0 errors, 2 left on base; Albuquerque 2 - Gwinnett 2 |
| TOP OF THE 4TH |
|
Albuquerque Isotopes batting - Pitching for Gwinnett Braves : RHP Jeff Olech
|
|
Batting: SHB D.J. Codd
|
0-0: Called Strike 0-1: Ball 1-1: Foul Ball, location: 2F 1-2: Foul Ball, location: 2F 1-2: Ball 2-2: SINGLE (Line Drive, 89S, EV 107.5 MPH)
|
|
Batting: RHB Hector Silva
|
0-0: Called Strike 0-1: Swinging Strike 0-2: Ball 1-2: Ball 2-2: Strikes out swinging
|
|
Batting: RHB Herb McIntyre
|
0-0: Called Strike 0-1: Ball 1-1: Ball Wild Pitch! D.J. Codd to second 2-1: Fly out, F8 (Flyball, 8LD, EV 108.1 MPH)
|
|
Batting: RHB Jerry Sanchez
|
0-0: Called Strike 0-1: Ground out U3 (Groundball, 34S, EV 86.9 MPH)
|
| Top of the 4th over - 0 runs, 1 hit, 0 errors, 1 left on base; Albuquerque 2 - Gwinnett 2 |
| BOTTOM OF THE 4TH |
|
Gwinnett Braves batting - Pitching for Albuquerque Isotopes : RHP Mark Hincks
|
|
Batting: SHB Brian Bagley
|
0-0: DOUBLE (Line Drive, 89D, EV 113.8 MPH)
|
|
Batting: LHB Chad Persaud
|
0-0: Called Strike 0-1: Called Strike 0-2: Foul Ball, location: 2F 0-2: Ball 1-2: Foul Ball, location: 2F 1-2: Foul Ball, location: 2F 1-2: Foul Ball, location: 2F 1-2: Ball 2-2: Ball 3-2: Strikes out looking
|
|
Batting: LHB Mark Buchholz
|
0-0: Foul Ball, location: 2F 0-1: Called Strike 0-2: Strikes out swinging
|
|
Batting: RHB Jesse Lester
|
0-0: Called Strike 0-1: Called Strike 0-2: Ball 1-2: Strikes out swinging
|
| Bottom of the 4th over - 0 runs, 1 hit, 0 errors, 1 left on base; Albuquerque 2 - Gwinnett 2 |
| TOP OF THE 5TH |
|
Albuquerque Isotopes batting - Pitching for Gwinnett Braves : RHP Jeff Olech
|
|
Batting: RHB Vinny Estrada
|
0-0: Called Strike 0-1: SINGLE (Groundball, 34D, EV 106.9 MPH)
|
|
Batting: RHB Sadataka Kuwahara
|
0-0: Called Strike 0-1: Called Strike 0-2: Ground out 5-3 (Groundball, 56S, EV 71.2 MPH) Vinny Estrada to second
|
|
Batting: RHB Logan Morgan
|
0-0: Called Strike 0-1: Foul Ball, location: 2F 0-2: Ball 1-2: Ground out 6-3 (Groundball, 6M, EV 103.8 MPH) Vinny Estrada to third
|
|
Batting: SHB Orlando Torres
|
0-0: Called Strike 0-1: Swinging Strike 0-2: Ball 1-2: Strikes out swinging
|
| Top of the 5th over - 0 runs, 1 hit, 0 errors, 1 left on base; Albuquerque 2 - Gwinnett 2 |
| BOTTOM OF THE 5TH |
|
Gwinnett Braves batting - Pitching for Albuquerque Isotopes : RHP Mark Hincks
|
|
Batting: RHB Edgar Castillo
|
0-0: Ball 1-0: Called Strike 1-1: Fly out, F4 (Popup, 34S, EV 85.6 MPH)
|
|
Batting: RHB Nate Taylor
|
0-0: Called Strike 0-1: Ball 1-1: Ball 2-1: Swinging Strike 2-2: Foul Ball, location: 2F 2-2: Foul Ball, location: 2F 2-2: Fly out, F7 (Flyball, 7D, EV 90.6 MPH)
|
|
Batting: RHB Alex Munoz
|
0-0: Ball 1-0: SINGLE (Groundball, 6S, EV 67.5 MPH) (infield hit)
|
|
Batting: SHB Bob Morales
|
0-0: Called Strike Alex Munoz is caught stealing 2nd base 2-6
|
| Bottom of the 5th over - 0 runs, 1 hit, 0 errors, 0 left on base; Albuquerque 2 - Gwinnett 2 |
| TOP OF THE 6TH |
|
Albuquerque Isotopes batting - Pitching for Gwinnett Braves : RHP Jeff Olech
|
|
Batting: RHB Chris King
|
0-0: Called Strike 0-1: Swinging Strike 0-2: Strikes out swinging
|
|
Batting: SHB D.J. Codd
|
0-0: Called Strike 0-1: Foul Ball, location: 2F 0-2: Ball 1-2: Ball 2-2: Foul Ball, location: 2F 2-2: Strikes out swinging
|
|
Batting: RHB Hector Silva
|
0-0: Ball 1-0: Called Strike 1-1: Ball 2-1: Swinging Strike 2-2: Strikes out swinging, 2-3 out at first.
|
| Top of the 6th over - 0 runs, 0 hits, 0 errors, 0 left on base; Albuquerque 2 - Gwinnett 2 |
| BOTTOM OF THE 6TH |
|
Gwinnett Braves batting - Pitching for Albuquerque Isotopes : RHP Mark Hincks
|
|
Batting: SHB Bob Morales
|
0-0: Ball 1-0: Ball 2-0: Called Strike 2-1: Foul Ball, location: 2F 2-2: Foul Ball, location: 2F 2-2: Strikes out swinging
|
|
Batting: SHB Troy Kenyon
|
0-0: Foul Ball, location: 2F 0-1: SINGLE (Groundball, 6D, EV 110.6 MPH)
|
|
Batting: SHB Brian Bagley
|
0-0: Called Strike 0-1: 2-RUN HOME RUN (Line Drive, 9D, EV 100.0 MPH), Distance : 395 ft
|
|
Batting: LHB Chad Persaud
|
0-0: Ball 1-0: Called Strike 1-1: SINGLE (Groundball, 4MD, EV 94.4 MPH)
|
|
Batting: LHB Mark Buchholz
|
0-0: Ball 1-0: Ball 2-0: Ball 3-0: Called Strike 3-1: Swinging Strike 3-2: Foul Ball, location: 2F 3-2: Strikes out swinging
|
|
Batting: RHB Jesse Lester
|
0-0: Ball Chad Persaud steals 2nd base (no throw) 1-0: Fly out, F7 (Line Drive, 78M, EV 99.4 MPH)
|
| Bottom of the 6th over - 2 runs, 3 hits, 0 errors, 1 left on base; Albuquerque 2 - Gwinnett 4 |
| TOP OF THE 7TH |
|
Albuquerque Isotopes batting - Pitching for Gwinnett Braves : RHP Jeff Olech
|
|
Batting: RHB Herb McIntyre
|
0-0: SINGLE (Line Drive, 78S, EV 86.2 MPH)
|
|
Batting: RHB Jerry Sanchez
|
0-0: Ball 1-0: Swinging Strike 1-1: SINGLE (Flyball, 6D, EV 89.4 MPH) Herb McIntyre to second
|
|
Batting: RHB Vinny Estrada
|
0-0: Ball 1-0: Bunted foul 1-1: Bunted foul 1-2: SINGLE (Groundball, 34D, EV 103.8 MPH) Herb McIntyre to third Jerry Sanchez to second
|
|
Pitching: LHP Andy Gaiser
|
|
|
Batting: RHB Sadataka Kuwahara
|
0-0: Called Strike 0-1: Foul Ball, location: 2F 0-2: Strikes out swinging
|
|
Batting: RHB Logan Morgan
|
0-0: Called Strike 0-1: Called Strike 0-2: Ball 1-2: Ball 2-2: Foul Ball, location: 2F 2-2: Fly out, F4 (Line Drive, 34, EV 61.2 MPH) Lined into DP, 4-5 (Line Drive, 34, EV 61.9 MPH)
|
| Top of the 7th over - 0 runs, 3 hits, 0 errors, 2 left on base; Albuquerque 2 - Gwinnett 4 |
| BOTTOM OF THE 7TH |
|
Gwinnett Braves batting - Pitching for Albuquerque Isotopes : RHP Mark Hincks
|
|
Pitching: LHP Matt Wojtkiewicz
|
|
|
Batting: RHB Edgar Castillo
|
0-0: Called Strike 0-1: Ground out 4-3 (Groundball, 4, EV 98.8 MPH)
|
|
Batting: RHB Nate Taylor
|
0-0: Ball 1-0: Ball 2-0: Called Strike 2-1: Ground out 6-3 (Groundball, 6, EV 101.9 MPH)
|
|
Batting: RHB Alex Munoz
|
0-0: Called Strike 0-1: Ball 1-1: Foul Ball, location: 2F 1-2: Foul Ball, location: 2F 1-2: Strikes out swinging
|
| Bottom of the 7th over - 0 runs, 0 hits, 0 errors, 0 left on base; Albuquerque 2 - Gwinnett 4 |
| TOP OF THE 8TH |
|
Albuquerque Isotopes batting - Pitching for Gwinnett Braves : LHP Andy Gaiser
|
|
Now at 3B: Mark Buchholz
|
|
|
Now at SS: Mike Manchester
|
|
|
Batting: SHB Orlando Torres
|
0-0: Called Strike 0-1: Fly out, F8 (Flyball, 78D, EV 96.2 MPH)
|
|
Batting: RHB Chris King
|
0-0: Ball 1-0: Called Strike 1-1: Ball 2-1: Swinging Strike 2-2: Strikes out swinging
|
|
Batting: SHB D.J. Codd
|
0-0: Called Strike 0-1: Ball 1-1: Ball 2-1: Called Strike 2-2: Strikes out swinging
|
| Top of the 8th over - 0 runs, 0 hits, 0 errors, 0 left on base; Albuquerque 2 - Gwinnett 4 |
| BOTTOM OF THE 8TH |
|
Gwinnett Braves batting - Pitching for Albuquerque Isotopes : LHP Matt Wojtkiewicz
|
|
Batting: SHB Bob Morales
|
0-0: Ball 1-0: Ball 2-0: Called Strike 2-1: Foul Ball, location: 2F 2-2: Ball 3-2: Foul Ball, location: 2F 3-2: Ground out 6-3 (Groundball, 6, EV 80.0 MPH)
|
|
Batting: SHB Troy Kenyon
|
0-0: Swinging Strike 0-1: Foul Ball, location: 2F 0-2: Ball 1-2: Ball 2-2: Strikes out swinging
|
|
Batting: SHB Brian Bagley
|
0-0: Called Strike 0-1: Ball 1-1: Ball 2-1: Ball 3-1: Foul Ball, location: 2F 3-2: Foul Ball, location: 2F 3-2: Base on Balls
|
|
Batting: LHB Chad Persaud
|
0-0: Called Strike 0-1: Called Strike 0-2: Ball 1-2: Foul Ball, location: 2F 1-2: Ball 2-2: Foul Ball, location: 2F 2-2: Strikes out swinging
|
| Bottom of the 8th over - 0 runs, 0 hits, 0 errors, 1 left on base; Albuquerque 2 - Gwinnett 4 |
| TOP OF THE 9TH |
|
Albuquerque Isotopes batting - Pitching for Gwinnett Braves : LHP Andy Gaiser
|
|
Pitching: RHP Larry Stegall
|
|
|
Now at 3B: Mike Manchester
|
|
|
Now at SS: Riley Nasiir
|
|
|
Batting: RHB Hector Silva
|
0-0: Called Strike 0-1: Ground out 6-3 (Groundball, 6, EV 87.5 MPH)
|
|
Batting: RHB Herb McIntyre
|
0-0: Called Strike 0-1: Ball 1-1: DOUBLE (Line Drive, 7LS, EV 105.0 MPH)
|
|
Batting: RHB Jerry Sanchez
|
0-0: Ball 1-0: Ball 2-0: Swinging Strike 2-1: Foul Ball, location: 2F 2-2: Ball 3-2: SINGLE (Flyball, 56D, EV 94.4 MPH) Herb McIntyre to third
|
|
Batting: RHB Vinny Estrada
|
0-0: Foul Ball, location: 2F 0-1: Ball 1-1: Ball 2-1: Ball 3-1: SINGLE (Flyball, 4D, EV 88.8 MPH) Herb McIntyre scores Jerry Sanchez to second
|
|
Batting: RHB Sadataka Kuwahara
|
0-0: Ball 1-0: Ball 2-0: Ground out 5-3 (Groundball, 56S, EV 73.1 MPH) Jerry Sanchez to third Vinny Estrada to second
|
|
Batting: RHB Logan Morgan
|
0-0: Ground out 4-3 (Groundball, 4M, EV 110.6 MPH)
|
| Top of the 9th over - 1 run, 3 hits, 0 errors, 2 left on base; Albuquerque 3 - Gwinnett 4 |
|